 Dungeon Sprint DCSS version 0.19.5 (webtiles) character file.

630 ihor the Basher (level 7, 0/79 HPs)
             Began as a Troll Berserker on Apr 22, 2017.
             Was a Believer of Trog.
             Slain by Sonja
             ... wielding a +2 short sword of distortion
              (4 damage)
             ... in the Dungeon (Sprint I: "Red Sonja").
             The game lasted 00:03:36 (278 turns).

ihor the Basher (Troll Berserker)                    Turns: 278, Time: 00:03:38

Health: 0/79       AC:  5    Str: 28    XL:     7   Next: 24%
Magic:  6/6        EV: 12    Int:  3    God:    Trog [**....]
Gold:   189        SH:  0    Dex:  9    Spells: 0 memorised, 6 levels left

rFire  . . .     SeeInvis .     f - +0 giant club
rCold  . . .     Gourm    +     b - +0 animal skin
rNeg   . . .     Faith    .     (shield currently unavailable)
rPois  .         Spirit   .     (helmet restricted)
rElec  .         Reflect  .     (no cloak)
rCorr  .         Harm     .     (gloves unavailable)
MR     ++...     NoTele   +     (boots unavailable)
Stlth  +.........               (no amulet)
                                (no ring)
                                (no ring)

@: lethally poisoned (0 -> 0), exhausted, regenerating, slowed, very slow
A: unfitting armour, claws 3, fast metabolism 3, gourmand, regeneration 1,
shaggy fur 1, tough skin 2
a: Berserk, Trog's Hand, Burn Spellbooks, Renounce Religion


You were in the Dungeon.
You worshipped Trog.
Trog was pleased with you.
You were very hungry.

You visited 1 branch You collected 189 gold pieces.

Inventory:

Hand Weapons
 a - a +0 mace
 f - a +0 giant club (weapon)
Armour
 b - a +0 animal skin (worn)
Scrolls
 i - a scroll of blinking
 j - a scroll of identify {unknown}
Potions
 d - a potion of curing
 e - a potion of heal wounds
 g - 2 potions of magic
 h - a potion of berserk rage
Comestibles
 c - 2 bread rations


   Skills:
 + Level 7.7 Fighting
 + Level 10.1 Maces & Flails
 + Level 7.0 Dodging


You had 6 spell levels left.
You didn't know any spells.

Dungeon Overview and Level Annotations

Branches:
Dungeon (1/1)

Altars:
Cheibriados
Dithmenos
Elyvilon
Fedhas
Gozag
Hepliaklqana
Kikubaaqudgha
Makhleb
Nemelex Xobeh
Okawaru
Qazlal
Ru
Sif Muna
Trog
Uskayaw
Vehumet
Xom
Yredelemnul
Zin
The Shining One
Jiyva
Lugonu

Shops:
D (

Annotations:
D Sonja


Innate Abilities, Weirdness & Mutations

You are too large for most types of armour.
You have claws for hands.
Your metabolism is lightning-fast.
You like to eat raw meat.
Your natural rate of healing is unusually fast.
You are covered in fur. (AC +1)
You have very tough skin. (AC +2)


Message History

Sonja closely misses you. Sonja misses you.
Sonja hits you with an uncursed short sword of distortion.
Space bends around you. Sonja misses you. Sonja hits you but does no damage.
Space warps horribly around you!
You see here a curare-tipped needle.
You miss Sonja.
You feel sick.
Sonja hits you with an uncursed short sword of distortion!
Space bends around you.
Sonja hits you with an uncursed short sword of distortion.
* * * LOW HITPOINT WARNING * * *
You feel a strange sense of stasis. Sonja closely misses you.
Sonja completely misses you. Sonja hits you but does no damage.
You feel a strange sense of stasis. Sonja closely misses you.
You miss Sonja.
You feel sick. Sonja completely misses you.
Sonja hits you with an uncursed short sword of distortion!
* * * LOW HITPOINT WARNING * * *
Space warps horribly around you!
* * * LOW HITPOINT WARNING * * *
Sonja hits you with an uncursed short sword of distortion.
You die...

#..#####'#####'#__# #
#..####..# #.####[§
#..#__#### ##.#§≈§§c#
#..#_____##+#.§§§§§§
#⌠⌠#_.∩...'.(._#≈§§§c#
####_..__##_.#'##+####
#_____###'#.#
#########K###


+$@(+ #(($# ##.## #+# You could see Sonja.

Vanquished Creatures
  A slime creature (D)
  Sigmund (D)
  A yak (D)
  An ogre (D)
  A jelly (D)
  Ijyb (D)
6 creatures vanquished.

Notes
Turn   | Place    | Note
-------+----------+-------------------------------------------
     0 | D        | ihor the Troll Berserker began the quest for the Orb.
     0 | D        | Reached XP level 1. HP: 22/22 MP: 0/0
     6 | D        | Noticed Ijyb
    14 | D        | Killed Ijyb
    14 | D        | Reached skill level 4 in Maces & Flails
    14 | D        | Reached XP level 2. HP: 31/31 MP: 1/1
    61 | D        | Noticed an ogre
    69 | D        | Killed an ogre
    69 | D        | Reached skill level 5 in Maces & Flails
    69 | D        | Reached XP level 3. HP: 41/41 MP: 2/2
    69 | D        | Reached XP level 4. HP: 49/49 MP: 3/3
    89 | D        | Noticed Sigmund
   115 | D        | Killed Sigmund
   115 | D        | Reached ** piety under Trog
   115 | D        | Reached skill level 8 in Maces & Flails
   115 | D        | Reached skill level 5 in Dodging
   115 | D        | Reached XP level 5. HP: 38/61 MP: 4/4
   115 | D        | Reached XP level 6. HP: 43/68 MP: 5/5
   163 | D        | Found a deep blue altar of Sif Muna.
   165 | D        | Found a radiant altar of Vehumet.
   193 | D        | Found a burning altar of Makhleb.
   193 | D        | Found a viscous altar of Jiyva.
   193 | D        | Found a shimmering altar of Xom.
   193 | D        | Found a corrupted altar of Lugonu.
   193 | D        | Noticed a slime creature
   198 | D        | Killed a slime creature
   198 | D        | Reached skill level 9 in Maces & Flails
   222 | D        | Noticed a centaur warrior
   224 | D        | Noticed a centaur warrior
   231 | D        | Found Haugg's Weapon Emporium.
   231 | D        | Found an ancient bone altar of Kikubaaqudgha.
   231 | D        | Found a hazy altar of Hepliaklqana.
   231 | D        | Found a stormy altar of Qazlal.
   231 | D        | Found a hide-covered altar of Uskayaw.
   231 | D        | Found a blossoming altar of Fedhas.
   231 | D        | Found a bloodstained altar of Trog.
   231 | D        | Found an iron altar of Okawaru.
   231 | D        | Found a basalt altar of Yredelemnul.
   231 | D        | Found a glowing golden altar of the Shining One.
   231 | D        | Found a snail-covered altar of Cheibriados.
   231 | D        | Found a sacrificial altar of Ru.
   231 | D        | Found a glowing silver altar of Zin.
   231 | D        | Found a shadowy altar of Dithmenos.
   231 | D        | Found a white marble altar of Elyvilon.
   231 | D        | Noticed a yak
   235 | D        | Killed a yak
   235 | D        | Reached *** piety under Trog
   235 | D        | Reached skill level 10 in Maces & Flails
   235 | D        | Reached XP level 7. HP: 79/79 MP: 6/6
   236 | D        | Found an opulent altar of Gozag.
   237 | D        | Found a sparkling altar of Nemelex Xobeh.
   266 | D        | Noticed Sonja
   278 | D        | Slain by Sonja

Skill      XL: |  1  2  3  4  5  6 |
---------------+-------------------+-----
Fighting       | 3 4 6 7 |  7.7
Maces & Flails | 4 5 8 10 | 10.1
Dodging        | 3 4 5 7 |  7.0

Action                   |  1- 3 |  4- 6 |  7- 9 || total
-------------------------+-------+-------+-------++-------
Melee: Mace              |    12 |       |       ||    12
       Giant club        |       |    31 |     2 ||    33
Invok: Berserk           |     1 |     1 |     1 ||     3
       Trog's Hand       |       |       |     1 ||     1
  Use: Potion            |     1 |       |       ||     1
  Eat: Chunk             |       |     2 |       ||     2
Armor: Animal skin       |     4 |     4 |     2 ||    10
Dodge: Dodged            |     5 |     7 |    11 ||    23
